 Dungeon Crawl Stone Soup version 0.21-a0-498-g1b60429 (webtiles) character file.

270 tidbits the Digger (level 6, 17/44 HPs)
             Began as a Gnoll Earth Elementalist on Nov 24, 2017.
             Quit the game on level 5 of the Dungeon.
             The game lasted 00:03:55 (436 turns).

tidbits the Digger (Gnoll Earth Elementalist)        Turns: 436, Time: 00:03:55

Health: 17/44      AC:  2    Str: 10    XL:     6   Next: 22%
Magic:  0/13       EV: 15    Int: 19    God:
Gold:   76         SH:  0    Dex: 16    Spells: 9/15 levels left

rFire    . . .     SeeInvis .     - Unarmed
rCold    . . .     Gourm    .   (no shield)
rNeg     . . .     Faith    .   c - +0 robe
rPois    .         Spirit   .   (no helmet)
rElec    .         Reflect  .   (no cloak)
rCorr    .         Harm     .   (no gloves)
MR       .....     Rnd*Tele +   (no boots)
Stlth    +++.......             (no amulet)
HPRegen  0.14/turn              k - ring of teleportation (curse)
MPRegen  0.13/turn              (no ring)

@: mildly poisoned (17 -> 14), flying
A: distributed training, fangs 1, strong nose
a: no special abilities


You were on level 5 of the Dungeon.
You were full.

You visited 1 branch of the dungeon, and saw 7 of its levels.

You collected 76 gold pieces.

Inventory:

Missiles
 b - 24 stones (quivered)
 h - 4 silver tomahawks
 l - 35 arrows
Armour
 c - a +0 robe (worn)
 f - a +0 ring mail
Jewellery
 k - a cursed ring of teleportation (left hand)
   (You found it on level 5 of the Dungeon)
Scrolls
 a - a scroll of teleportation {unknown}
 j - a scroll of fog {unknown}
 m - a scroll of fear {unknown}
 n - a scroll of blinking {unknown}
Potions
 g - a potion of degeneration {unknown}
 i - 4 potions of flight
Books
 e - a book of Geomancy

   Spells                             Type                      Level
   a - Sandblast                      Earth                        1
   b - Passwall                       Transmutation/Earth          2
   c - Stone Arrow                    Conjuration/Earth            3
   d - Petrify                        Transmutation/Earth          4
   e - Lee's Rapid Deconstruction     Earth                        5
Comestibles
 d - a bread ration


   Skills:
 + Level 1.8 Fighting
 + Level 1.8 Short Blades
 + Level 1.8 Long Blades
 + Level 1.8 Axes
 + Level 1.8 Maces & Flails
 + Level 1.8 Polearms
 + Level 1.8 Staves
 + Level 1.8 Slings
 + Level 1.8 Bows
 + Level 1.8 Crossbows
 + Level 1.8 Throwing
 + Level 1.8 Armour
 + Level 4.9 Dodging
 + Level 4.5 Stealth
 + Level 1.8 Shields
 + Level 1.8 Unarmed Combat
 + Level 5.3 Spellcasting
 + Level 1.4 Conjurations
 + Level 1.4 Hexes
 + Level 1.4 Charms
 + Level 1.4 Summonings
 + Level 1.4 Necromancy
 + Level 1.4 Translocations
 + Level 2.5 Transmutations
 + Level 1.4 Fire Magic
 + Level 1.4 Ice Magic
 + Level 1.4 Air Magic
 + Level 5.6 Earth Magic
 + Level 1.4 Poison Magic
 + Level 2.0 Invocations
 + Level 1.8 Evocations


You had 9 spell levels left.
You knew the following spells:

 Your Spells              Type           Power        Failure   Level  Hunger
a - Sandblast             Erth           ####..       1%          1    None
s - Stone Arrow           Conj/Erth      ###...       9%          3    ##.....
w - Passwall              Tmut/Erth      ###.......   3%          2    None


Dungeon Overview and Level Annotations

Branches:
Dungeon (7/15)
 Temple: D:4-7

Altars:
Vehumet

Portals:
Sewer: D:5


Innate Abilities, Weirdness & Mutations

Your experience applies equally to all skills.
You have very sharp teeth.
Your uncanny sense of smell can sniff out nearby items.


Message History

Aim: a ball python The blast of sand hits the ball python.
You kill the ball python!
b - 30 stones
Things that are here:
a giant club; 12 gold pieces; 2 lumpy inky potions
i - 5 lumpy inky potions (gained 2)
You now have 66 gold pieces (gained 12).
You enter the shallow water.
Moving in this stuff is going to be slow.
Found a trident.
You see here a scroll labeled ERGHUIKU HABIFU.
n - a scroll labeled ERGHUIKU HABIFU You hear the rusting of a drain.
You see here a murky ruby potion.
o - a murky ruby potion You enter the shallow water.
Moving in this stuff is going to be slow.
You are suddenly yanked towards some nearby monsters!
Your surroundings suddenly seem different.
Found four items. 2 worker ants come into view.
You see here 3 fruits.
Casting: Sandblast
Confirm with . or Enter, or press ? or * to list all spells.
Aiming: Sandblast
Press: ? - help, Shift-Dir - straight line, f - worker ant
Aim: a worker ant (resting)
The blast of sand hits the worker ant.
The worker ant is severely wounded.
The worker ant twitches its antennae in your direction.
b - 29 stones
Casting: Sandblast
Confirm with . or Enter, or press ? or * to list all spells.
Aiming: Sandblast
Press: ? - help, Shift-Dir - straight line, f/p - worker ant
Aim: a worker ant (severely wounded)
The blast of sand misses the worker ant.
b - 28 stones
Casting: Sandblast
Confirm with . or Enter, or press ? or * to list all spells.
Aiming: Sandblast
Press: ? - help, Shift-Dir - straight line, f/p - worker ant
Aim: a worker ant (severely wounded)
The blast of sand hits the worker ant.
The worker ant is almost dead.
b - 27 stones The worker ant bites you!
You are poisoned.
The worker ant poisons you!
Casting: Sandblast
Confirm with . or Enter, or press ? or * to list all spells.
Aiming: Sandblast
Press: ? - help, Shift-Dir - straight line, f/p - worker ant
Aim: a worker ant (almost dead)
The blast of sand misses the worker ant.
b - 26 stones You feel sick.
The worker ant bites you.
Casting: Sandblast
Confirm with . or Enter, or press ? or * to list all spells.
You don't have enough magic to cast that spell.
You see here 3 fruits.
You feel sick. The worker ant misses you. The worker ant misses you.
Found a scroll labeled COPABE IMUIR.
You feel sick.
The worker ant twitches its antennae in your direction.
Casting: Sandblast
Confirm with . or Enter, or press ? or * to list all spells.
Aiming: Sandblast
Press: ? - help, Shift-Dir - straight line, f/p - worker ant
Aim: a worker ant (almost dead)
The blast of sand hits the worker ant.
You kill the worker ant!
b - 25 stones You see here 10 gold pieces.
You now have 76 gold pieces (gained 10).
You feel sick.
It was a potion of flight.
You feel very buoyant.
You fly up into the air.
Okay, then.
It was a potion of curing.
You feel better. The worker ant bites you.
* * * LOW HITPOINT WARNING * * *
A giant cockroach comes into view.
The worker ant barely misses you. The worker ant bites you.
* * * LOW HITPOINT WARNING * * *
You are poisoned.
The worker ant poisons you!
You feel sick.
Casting: Sandblast
Confirm with . or Enter, or press ? or * to list all spells.
Aiming: Sandblast
Press: ? - help, Shift-Dir - straight line, f - worker ant
Aim: a worker ant The blast of sand hits the worker ant.
b - 24 stones You feel sick.
The worker ant barely misses you.
Are you sure you want to abandon this character and quit the game? (Confirm with "yes".)

.# ##? ## ... . ...
.# # #.#######.##.##
#.###?##.@a........
#........##.#.#..#
#.#
#..##.####.##.##.#
#.#
###?.$.†...........#
#..
..............#.##..
#.#
###..##.%.......#
#[# #.. #######....#
. #.# #. .#### #
##.#####..# .#


You could see a worker ant.

Vanquished Creatures
  An ogre (D:5)
  A scorpion (D:6)
  A hound (D:6)
  Jessica (D:2)
  2 worker ants
  An adder (D:2)
  A shadow imp (D:5)
  5 giant cockroaches
  A hobgoblin (D:1)
  A quokka (D:7)
  A ball python (D:5)
  2 bats (D:1)
  A kobold (D:1)
  3 rats (D:1)
22 creatures vanquished.

Notes
Turn   | Place    | Note
-------+----------+-------------------------------------------
     0 | D:1      | tidbits the Gnoll Earth Elementalist began the quest for the Orb.
     0 | D:1      | Reached XP level 1. HP: 13/13 MP: 6/6
    30 | D:2      | Noticed Jessica
    65 | D:2      | Killed Jessica
    65 | D:2      | Reached skill level 5 in Spellcasting
    65 | D:2      | Reached skill level 2 in Transmutations
    65 | D:2      | Reached XP level 2. HP: 20/20 MP: 5/8
    65 | D:2      | Reached XP level 3. HP: 25/25 MP: 5/9
   210 | D:2      | Reached skill level 1 in Invocations
   229 | D:5      | Entered Level 5 of the Dungeon
   279 | D:6      | Found a radiant altar of Vehumet.
   279 | D:6      | Noticed a centaur
   286 | D:7      | Reached skill level 1 in Fighting
   286 | D:7      | Reached skill level 1 in Short Blades
   286 | D:7      | Reached skill level 1 in Long Blades
   286 | D:7      | Reached skill level 1 in Axes
   286 | D:7      | Reached skill level 1 in Maces & Flails
   286 | D:7      | Reached skill level 1 in Polearms
   286 | D:7      | Reached skill level 1 in Staves
   286 | D:7      | Reached skill level 1 in Slings
   286 | D:7      | Reached skill level 1 in Bows
   286 | D:7      | Reached skill level 1 in Crossbows
   286 | D:7      | Reached skill level 1 in Throwing
   286 | D:7      | Reached skill level 1 in Armour
   286 | D:7      | Reached skill level 1 in Shields
   286 | D:7      | Reached skill level 1 in Unarmed Combat
   286 | D:7      | Reached skill level 1 in Evocations
   302 | D:7      | Reached XP level 4. HP: 14/32 MP: 6/11
   339 | D:6      | Reached skill level 1 in Conjurations
   339 | D:6      | Reached skill level 1 in Hexes
   339 | D:6      | Reached skill level 1 in Charms
   339 | D:6      | Reached skill level 1 in Summonings
   339 | D:6      | Reached skill level 1 in Necromancy
   339 | D:6      | Reached skill level 1 in Translocations
   339 | D:6      | Reached skill level 1 in Fire Magic
   339 | D:6      | Reached skill level 1 in Ice Magic
   339 | D:6      | Reached skill level 1 in Air Magic
   339 | D:6      | Reached skill level 1 in Poison Magic
   339 | D:6      | Reached XP level 5. HP: 20/37 MP: 5/12
   343 | D:6      | Learned a level 2 spell: Passwall
   347 | D:6      | Learned a level 3 spell: Stone Arrow
   368 | D:5      | Found a glowing drain.
   373 | D:5      | Noticed an ogre
   396 | D:5      | Killed an ogre
   396 | D:5      | Reached skill level 2 in Invocations
   396 | D:5      | Reached XP level 6. HP: 32/44 MP: 2/13
   436 | D:5      | Quit the game

Vault maps used:
D:1:      kennysheep_arrival_forest
D:2:      grunt_temple_overflow_open, minmay_distorted, uniq_jessica
D:3:      tgw_xom
D:4:      first_bread, serial_shops, shop
D:5:      minmay_temple_entry_statues_pillars, portal_sewer_entry_a
D:6:      roderic_lattice_a, vehumet_altar_wand_db

Skill      XL: |  1  2  3  4  5 |
---------------+----------------+-----
Spellcasting   | 5 |  5.3
Transmutations | 2 |  2.5
Invocations    | 1 2 |  2.0
Fighting       | 1 |  1.8
Short Blades   | 1 |  1.8
Long Blades    | 1 |  1.8
Axes           | 1 |  1.8
Maces & Flails | 1 |  1.8
Polearms       | 1 |  1.8
Staves         | 1 |  1.8
Slings         | 1 |  1.8
Bows           | 1 |  1.8
Crossbows      | 1 |  1.8
Throwing       | 1 |  1.8
Armour         | 1 |  1.8
Shields        | 1 |  1.8
Unarmed Combat | 1 |  1.8
Evocations     | 1 |  1.8
Conjurations   | 1 |  1.4
Hexes          | 1 |  1.4
Charms         | 1 |  1.4
Summonings     | 1 |  1.4
Necromancy     | 1 |  1.4
Translocations | 1 |  1.4
Fire Magic     | 1 |  1.4
Ice Magic      | 1 |  1.4
Air Magic      | 1 |  1.4
Poison Magic   | 1 |  1.4
Dodging        | |  4.9
Stealth        | |  4.5
Earth Magic    | |  5.6

Action                   |  1- 3 |  4- 6 || total
-------------------------+-------+-------++-------
Melee: Unarmed           |     6 |       ||     6
 Cast: Sandblast         |    22 |    20 ||    42
       Stone Arrow       |       |     1 ||     1
  Use: Potion            |       |     2 ||     2
  Eat: Fruit             |       |     3 ||     3
Armor: Robe              |     1 |       ||     1
Dodge: Dodged            |    14 |     9 ||    23

Table legend:
 A = Spawn XP
 B = Non-spawn XP
 C = Spawn XP percentage of total XP
 D = Spawn monster count
 E = Non-spawn monster count
 F = Spawn count percentage of total count
 G = Total turns spent on level
                    A         B        C        D         E        F      G
               +---------+---------+-------+---------+---------+-------+---------
         Total |       0 |     386 |   0.0 |       0 |      22 |   0.0 |   436
               +---------+---------+-------+---------+---------+-------+---------
           D:1 |       0 |      14 |   0.0 |       0 |      10 |   0.0 |   126
           D:2 |       0 |      50 |   0.0 |       0 |       2 |   0.0 |    92
           D:5 |       0 |     169 |   0.0 |       0 |       6 |   0.0 |   122
           D:6 |       0 |     114 |   0.0 |       0 |       2 |   0.0 |    32
           D:7 |       0 |      39 |   0.0 |       0 |       2 |   0.0 |    48
               +---------+---------+-------+---------+---------+-------+---------

Table legend:
 A = Turns spent in this place as a percentage of turns spent in the entire game.
 B = Non-inter-level travel turns spent in this place as a percentage of non-inter-level travel turns spent in the entire game.
 C = Inter-level travel turns spent in this place as a percentage of turns spent in this place.
 D = Turns resting spent in this place as a percentage of non-inter-level travel turns spent in this place.
 E = Turns spent auto-exploring this place as a percentage of non-inter-level travel turns spent in this place.
 F = Non-inter-level travel turns spent in this place divided by the number of levels of this place that you've seen.
                   A       B       C       D       E      F
               +-------+-------+-------+-------+-------+----------------------
         Total | 100.0 | 100.0 |   0.0 |   0.0 |   0.0 |  62.3
       Dungeon | 100.0 | 100.0 |   0.0 |   0.0 |   0.0 |  62.3
               +-------+-------+-------+-------+-------+----------------------

Table legend:
 A = Kills in this place as a percentage of kills in entire the game.
 B = Kills by you in this place as a percentage of kills by you in the entire game.
 C = Kills by friends in this place as a percentage of kills by friends in the entire game.
 D = Other kills in this place as a percentage of other kills in the entire game.
 E = Experience gained in this place as a percentage of experience gained in the entire game.
 F = Experience gained in this place divided by the number of levels of this place that you have seen.
                   A       B       C       D       E      F
               +-------+-------+-------+-------+-------+----------------------
         Total | 100.0 | 100.0 |   N/A |   N/A | 100.0 |  55.1
       Dungeon | 100.0 | 100.0 |   N/A |   N/A | 100.0 |  55.1
               +-------+-------+-------+-------+-------+----------------------

Vault maps used:
D:1:      kennysheep_arrival_forest
D:2:      grunt_temple_overflow_open, minmay_distorted, uniq_jessica
D:3:      tgw_xom
D:4:      first_bread, serial_shops, shop
D:5:      minmay_temple_entry_statues_pillars, portal_sewer_entry_a
D:6:      roderic_lattice_a, vehumet_altar_wand_db
